 Dungeon Crawl Stone Soup version 0.31-a0-174-g85c54bcb58 (webtiles) character file.

Game seed: 17663912838075529078

205 qw the Shooter (level 5, -3/49 HPs)
             Began as a Naga Hunter on June 15, 2023.
             Was an Initiate of Okawaru.
             Slain by an ogre
             ... wielding a +0 giant spiked club
              (10 damage)
             ... on level 4 of the Dungeon.
             The game lasted 00:00:59 (2940 turns).

qw the Shooter (Naga Hunter)                        Turns: 2940, Time: 00:00:59

Health: -3/49      AC:  3    Str: 13    XL:     5   Next: 83%
Magic:  5/5        EV:  9    Int: 10    God:    Okawaru [......]
Gold:   114        SH:  0    Dex: 16    Spells: 4/4 levels left

rFire   . . .        Y - +0 shortbow
rCold   . . .        (shield currently unavailable)
rNeg    . . .        c - +0 leather armour
rPois   +            (no helmet)
rElec   .            (no cloak)
rCorr   .            (no gloves)
SInv    +            (no barding)
Will    .....        h - amulet of faith
Stlth   ++           (no ring)
HPRegen 0.28/turn    (no ring)
MPRegen 0.09/turn

%: faith
@: very slow
A: AC +1, large, see invisible, deformed body, poison resistance, slowness 2,
spit poison 1, naga tail 1
a: Spit Poison, Renounce Religion


You were on level 4 of the Dungeon.
You worshipped Okawaru.
Okawaru was noncommittal.
You visited 1 branch of the dungeon, and saw 4 of its levels.

You collected 114 gold pieces.


Innate Abilities, Weirdness & Mutations

Your serpentine skin is tough. (AC +1)
You have supernaturally acute eyesight. (SInv)
Armour fits poorly on your strangely shaped body.
Your system is resistant to poisons. (rPois)
You cover ground very slowly.
You can spit poison.
You have a snake-like lower body.


   Skills:
 - Level 3.2 Fighting
 + Level 5.7 Ranged Weapons
 - Level 1.5 Dodging
 - Level 1.5 Stealth


You had 4 spell levels left.
You didn't know any spells.
Your spell library was empty.

Inventory:

Hand Weapons
 Y - a +0 shortbow (weapon)
Armour
 c - a +0 leather armour (worn)
Jewellery
 h - an amulet of faith (around neck)
Scrolls
 a - a scroll of identify
Potions
 b - a potion of brilliance {unknown}
 e - 6 potions of curing

Dungeon Overview and Level Annotations

Branches:
Dungeon (4/15)
 Temple: D:4-7

Altars:
Okawaru
Ru


Message History

2933 ||| INVOKING Spit Poison.
Aiming: Spit Poison (1% risk of failure)
Press: ? - help, Shift-Dir - straight line, f/p - dart slug The splash of poison hits the dart slug!
The dart slug is poisoned.
You kill the dart slug!
Okawaru accepts your kill.
An ogre comes into view. It is wielding a +0 giant spiked club.
The ogre shouts!
You hear an angry hiss. x2
Enter note:
Enter note:
Enter note:
Enter note: You shoot an arrow.
The arrow hits the ogre.
The ogre is lightly wounded.
A hobgoblin comes into view.
You shoot an arrow. The arrow barely misses the ogre.
The arrow hits the hobgoblin.
The hobgoblin is almost dead.
A ball python comes into view.
A black bear comes into view.
You shoot an arrow. The arrow barely misses the ogre.
The black bear growls angrily.
You have got your breath back.
2938 ||| INVOKING Spit Poison.
Aiming: Spit Poison (1% risk of failure)
Press: ? - help, Shift-Dir - straight line, f/p - ogre The splash of poison hits the ogre but does no damage.
The ogre is lightly wounded.
The ogre hits you with a +0 giant spiked club!!
Ouch! That really hurt!
You shoot an arrow.
The arrow hits the ogre but does no damage.
The ogre is lightly wounded.
An endoplasm comes into view.
The ogre hits you with a +0 giant spiked club!
You shoot an arrow. The arrow barely misses the ogre.
The endoplasm quivers.
You have got your breath back.
The ogre hits you with a +0 giant spiked club!
You die...

. .. J.## ##
h.###.##
#g#...#
##SO@##
#.....# #
#^....# .#
#.....##.#
##<...#.#
###...#
####...#######
+.............
####...#####.#


You could see a black bear, an ogre, an endoplasm, a hobgoblin and a ball
python.

Vanquished Creatures
  A hound (D:3)
  An iguana (D:4)
  7 adders
  A worm (D:2)
  5 dart slugs
  3 orcs (D:3)
  4 ball pythons
  4 endoplasms
  A giant cockroach (D:4)
  13 goblins
  7 hobgoblins
  5 jackals
  5 kobolds
  A quokka (D:3)
  6 bats
  2 frilled lizards (D:3)
  3 rats
69 creatures vanquished.

Notes
Turn   | Place    | Note
-------+----------+-------------------------------------------
     0 | D:1      | qw the Naga Hunter began the quest for the Orb.
     0 | D:1      | Reached XP level 1. HP: 19/19 MP: 1/1
     0 | D:1      | 0 ||| qw: Version: 0.2-a-29-g511e9b1
     0 | D:1      | 0 ||| qw: Game counter: 5495
     0 | D:1      | 0 ||| qw: Always use a shield: true
     0 | D:1      | 0 ||| qw: God list: Okawaru
     0 | D:1      | 0 ||| qw: Allow faded altars: false
     0 | D:1      | 0 ||| qw: Do Orc after D:15 true
     0 | D:1      | 0 ||| qw: Do second Lair branch before Depths: true
     0 | D:1      | 0 ||| qw: Lair rune preference: random
     0 | D:1      | 0 ||| qw: Plans: Normal
     0 | D:1      | 0 ||| PLANNING D:1-11
    61 | D:1      | 61 ||| INVOKING Spit Poison.
    66 | D:1      | 66 ||| INVOKING Spit Poison.
    86 | D:1      | 86 ||| INVOKING Spit Poison.
   193 | D:1      | Reached skill level 4 in Ranged Weapons
   193 | D:1      | Reached XP level 2. HP: 26/26 MP: 2/2
   264 | D:1      | 264 ||| INVOKING Spit Poison.
   269 | D:1      | 269 ||| INVOKING Spit Poison.
   308 | D:1      | 308 ||| INVOKING Spit Poison.
   343 | D:1      | 343 ||| INVOKING Spit Poison.
   347 | D:1      | 347 ||| INVOKING Spit Poison.
   351 | D:1      | 351 ||| INVOKING Spit Poison.
   523 | D:1      | 523 ||| INVOKING Spit Poison.
   545 | D:1      | 545 ||| INVOKING Spit Poison.
   715 | D:1      | 715 ||| READING scroll labelled OMEDUA YLIMINI.
   716 | D:1      | 716 ||| READING scroll labelled EBEGON RORY.
   717 | D:1      | 717 ||| READING scroll labelled YWEKUS CONEF.
   718 | D:1      | 718 ||| READING scroll labelled VUUNEN TIOLA.
   719 | D:1      | 719 ||| DRINKING 4 fizzy green potions.
   720 | D:1      | 720 ||| DROPPING scroll of butterflies.
   770 | D:2      | 770 ||| INVOKING Spit Poison.
   775 | D:2      | 775 ||| STAIRDANCE
   777 | D:1      | 777 ||| INVOKING Spit Poison.
   780 | D:1      | 780 ||| INVOKING Spit Poison.
   817 | D:2      | 817 ||| STAIRDANCE
   823 | D:1      | Reached XP level 3. HP: 30/32 MP: 3/3
   847 | D:2      | 847 ||| INVOKING Spit Poison.
   853 | D:2      | 853 ||| INVOKING Spit Poison.
   856 | D:2      | 856 ||| INVOKING Spit Poison.
   862 | D:2      | 862 ||| INVOKING Spit Poison.
   938 | D:2      | 938 ||| INVOKING Spit Poison.
   944 | D:2      | 944 ||| INVOKING Spit Poison.
  1062 | D:2      | 1062 ||| INVOKING Spit Poison.
  1075 | D:2      | 1075 ||| INVOKING Spit Poison.
  1085 | D:2      | 1085 ||| INVOKING Spit Poison.
  1086 | D:2      | 1086 ||| INVOKING Spit Poison.
  1245 | D:2      | 1245 ||| INVOKING Spit Poison.
  1251 | D:2      | 1251 ||| INVOKING Spit Poison.
  1254 | D:2      | 1254 ||| INVOKING Spit Poison.
  1528 | D:2      | 1528 ||| READING scroll labelled WANYBO YM FAE.
  1529 | D:2      | 1529 ||| READING scroll labelled YNTUOWNIEC.
  1571 | D:3      | Reached skill level 5 in Ranged Weapons
  1586 | D:3      | Reached XP level 4. HP: 39/39 MP: 4/4
  1608 | D:3      | 1608 ||| INVOKING Spit Poison.
  1625 | D:3      | 1625 ||| INVOKING Spit Poison.
  1643 | D:3      | 1643 ||| Stepping ~*~*~tactically~*~*~ (outnumbered).
  1644 | D:3      | 1644 ||| Stepping ~*~*~tactically~*~*~ (outnumbered).
  1645 | D:3      | 1645 ||| Stepping ~*~*~tactically~*~*~ (outnumbered).
  1647 | D:3      | 1647 ||| INVOKING Spit Poison.
  1653 | D:3      | 1653 ||| INVOKING Spit Poison.
  1654 | D:3      | HP: 8/39 [hobgoblin (3)]
  1656 | D:3      | HP: 3/40 [hobgoblin (2)]
  1657 | D:3      | 1657 ||| INVOKING Spit Poison.
  1667 | D:3      | 1667 ||| INVOKING Spit Poison.
  1802 | D:3      | Found an iron altar of Okawaru.
  1803 | D:3      | 1803 ||| PLANNING OKAWARU WORSHIP
  1810 | D:3      | Became a worshipper of Warmaster Okawaru
  1811 | D:3      | 1811 ||| PLANNING D:1-11
  1848 | D:3      | 1848 ||| INVOKING Spit Poison.
  1853 | D:3      | 1853 ||| INVOKING Spit Poison.
  1857 | D:3      | 1857 ||| INVOKING Spit Poison.
  1860 | D:3      | 1860 ||| INVOKING Spit Poison.
  1863 | D:3      | Reached skill level 3 in Fighting
  1916 | D:3      | 1916 ||| INVOKING Spit Poison.
  1968 | D:3      | 1968 ||| INVOKING Spit Poison.
  2005 | D:3      | 2005 ||| INVOKING Spit Poison.
  2007 | D:3      | Reached XP level 5. HP: 49/49 MP: 5/5
  2015 | D:3      | 2015 ||| INVOKING Spit Poison.
  2024 | D:3      | 2024 ||| INVOKING Spit Poison.
  2065 | D:3      | 2065 ||| INVOKING Spit Poison.
  2068 | D:3      | 2068 ||| INVOKING Spit Poison.
  2201 | D:3      | 2201 ||| INVOKING Spit Poison.
  2402 | D:3      | 2402 ||| INVOKING Spit Poison.
  2406 | D:3      | 2406 ||| INVOKING Spit Poison.
  2409 | D:3      | 2409 ||| INVOKING Spit Poison.
  2415 | D:3      | 2415 ||| INVOKING Spit Poison.
  2450 | D:3      | 2450 ||| UPGRADING to amulet of faith.
  2455 | D:3      | 2455 ||| READING scroll labelled ORRINO NIYDUAT.
  2456 | D:3      | 2456 ||| READING scroll labelled UNTOVA QUYCW.
  2557 | D:3      | 2557 ||| DRINKING 2 fuming dark potions.
  2662 | D:3      | 2662 ||| DROPPING potion of berserk rage.
  2691 | D:4      | 2691 ||| INVOKING Spit Poison.
  2696 | D:4      | 2696 ||| INVOKING Spit Poison.
  2702 | D:4      | 2702 ||| INVOKING Spit Poison.
  2756 | D:4      | 2756 ||| INVOKING Spit Poison.
  2853 | D:4      | 2853 ||| INVOKING Spit Poison.
  2883 | D:4      | Found a sacrificial altar of Ru.
  2887 | D:4      | 2887 ||| INVOKING Spit Poison.
  2893 | D:4      | 2893 ||| INVOKING Spit Poison.
  2900 | D:4      | 2900 ||| INVOKING Spit Poison.
  2933 | D:4      | 2933 ||| INVOKING Spit Poison.
  2934 | D:4      | Noticed an ogre
  2936 | D:4      | Noticed a black bear
  2938 | D:4      | 2938 ||| INVOKING Spit Poison.
  2939 | D:4      | HP: 7/49 [ogre/+0 giant spiked club (12)]
  2940 | D:4      | Slain by an ogre

Levels and vault maps discovered:
D:1:      lemuel_arrival_muddy, layout_loops_ring, minmay_tripent
D:2:      layout_loops_ring, chequers_serial_rivers_micro_b
D:3:      layout_basic, okawaru_altar_gauntlet_db
D:4:      layout_loops_corners, hangedman_ru_absence, minmay_circle_x

Skill      XL: |  1  2  3  4 |
---------------+-------------+-----
Ranged Weapons | 4 5 |  5.7
Fighting       | 3 |  3.2
Dodging        | |  1.5
Stealth        | |  1.5

Action                     |  1- 3 |  4- 6 || total
---------------------------+-------+-------++-------
   Fire: Shortbow          |    67 |    79 ||   146
Ability: Spit Poison       |    26 |    32 ||    58
    Use: Scroll            |     6 |     2 ||     8
         Potion            |     1 |     1 ||     2
 Armour: Leather armour    |    13 |    11 ||    24
  Dodge: Dodged            |    39 |    31 ||    70

Table legend:
 A = Non-vault XP
 B = Vault XP
 C = Vault XP percentage of total XP
 D = Non-vault monster count
 E = Vault monster count
 F = Vault count percentage of total count
                 A         B        C        D         E       F
            +---------+---------+-------+---------+---------+-------
      Total |     278 |      16 |   5.4 |      61 |       8 |  11.6
            +---------+---------+-------+---------+---------+-------
        D:1 |      29 |       2 |   6.5 |      14 |       2 |  12.5
        D:2 |      48 |       0 |   0.0 |      18 |       0 |   0.0
        D:3 |     110 |      14 |  11.3 |      18 |       6 |  25.0
        D:4 |      91 |       0 |   0.0 |      11 |       0 |   0.0
            +---------+---------+-------+---------+---------+-------
